 Dungeon Crawl Stone Soup version 0.29-a0-870-g2c972031a6 (webtiles) character file.

Game seed: 9549056048727382996

116 zeratav the Stinger (level 5, -2/31 HPs)
             Began as an Octopode Venom Mage on July 18, 2022.
             Slain by Natasha (5 damage)
             ... on level 2 of the Dungeon.
             The game lasted 00:02:40 (2781 turns).

zeratav the Stinger (Octopode Venom Mage)           Turns: 2781, Time: 00:02:41

Health: -2/31      AC:  1    Str:  7    XL:     5   Next: 0%
Magic:  3/8        EV: 17    Int: 20    God:
Gold:   78         SH:  0    Dex: 12    Spells: 5/8 levels left

rFire   . . .      SeeInvis .   g - +1 dagger (vamp) {short}
rCold   . . .      Faith    .   (no shield)
rNeg    . . .      Spirit   .   (helmet restricted)
rPois   .          Reflect  .   (no amulet)
rElec   .          Harm     .   c - +4 ring of evasion
rCorr   .          Rampage  .   (no ring)
Will    .....                   (no ring)
Stlth   ++++......              (no ring)
HPRegen 0.10/turn               (no ring)
MPRegen 0.11/turn               (no ring)
                                (no ring)
                                (no ring)

@: very slightly contaminated
A: almost no armour, amphibious, 8 rings, camouflage 1, gelatinous body 1,
(nimble swimmer 1), tentacles
a: no special abilities


You were on level 2 of the Dungeon.
You visited 1 branch of the dungeon, and saw 2 of its levels.

You collected 78 gold pieces.


Innate Abilities, Weirdness & Mutations

You cannot wear most types of armour.
You are amphibious.
You can wear up to eight rings at the same time.
Your skin changes colour to match your surroundings (Stealth+).
Your rubbery body absorbs attacks. (AC +1, EV +1)
((You are camouflaged when in or above water. (Stealth+)))
You have tentacles for arms and can constrict up to eight enemies at once.


   Skills:
 - Level 2.0 Dodging
 - Level 5.0 Stealth
 - Level 2.0 Spellcasting
 - Level 1.0 Transmutations
 + Level 5.6 Poison Magic


You had 5 spell levels left.
You knew the following spells:

 Your Spells              Type           Power      Damage    Failure   Level
a - Sting                 Tmut/Pois      60%        1d6       4%          1
b - Poisonous Vapours     Pois/Air       26%        N/A       8%          2

Your spell library contained the following spells:

 Spells                   Type           Power      Damage    Failure   Level
 Olgreb's Toxic Radiance  Pois           24%        N/A       16%         4
 Mephitic Cloud           Conj/Pois/Air  9%         N/A       22%         3
 Gell's Gravitas          Tloc           2%         N/A       43%         3
 Summon Guardian Golem    Hex/Summ       2%         N/A       43%         3
 Teleport Other           Tloc           2%         N/A       43%         3
 Dispersal                Tloc           1%         N/A       100%        6
 Orb of Destruction       Conj           1%         9d5       100%        7
 Spellforged Servitor     Conj/Summ      1%         N/A       100%        7

Inventory:

Hand Weapons
 g - a +1 vampiric dagger (weapon) {short}
   (You took it off a goblin on level 1 of the Dungeon)
Jewellery
 c - a +4 ring of evasion (left tentacle)
   (You found it on level 2 of the Dungeon)
Scrolls
 d - a scroll of vulnerability {!r!r}
 e - a scroll of teleportation {@r4}
Potions
 a - 2 potions of magic
 b - a potion of curing {@q1}
 f - a potion of heal wounds {@q2}
 h - a potion of degeneration {unknown}

Dungeon Overview and Level Annotations

Branches:
Dungeon (2/15) Zot: 9228

Altars:

Annotations:
D:2 Natasha

......#.##.######......#..#..##..
....#...##.# #......#.#.#####.
.##.#.####.# ####h###.....# #.
.#.....# #.# #....#.#.#.# ##
.#..#..# #.########....#....#####
#..#..# #.............#...## #..
####..# #########.#+###.#..###.#
...# #####.# #.....##.# ##.#
#..@h.# #....###.# .. #.#####
#...#.##.# ## # #...#.##.#
#..#..##.# #.....##.# #....###.#
#.#### #.# #(######.# #.........


You could see Natasha (poisoned).


Message History

You have reached level 5!
You feel clever.
HP[+2] MP[-1]
You now have 31 max hp (+4).
You regained 2 hp, and now have 16/31 hp.
You start resting.
Natasha, Servant of Life and Death comes into view.
She is carrying a wand of polymorph (8).
HP[+2] MP[+3]
You regained 2 hp, and now have 18/31 hp.
You regained 3 mp, and now have 6/8 mp.
Casting: Sting (safe; 4% risk of failure)
Confirm with . or Enter, or press ? or * to list all spells.
Aiming: Poisonous Vapours (safe; 8% risk of failure)
Press: ? - help, Dir - move target, f - Natasha
Aim: Natasha, carrying a wand of polymorph (8) Poisonous vapours surround Natasha!
Natasha is poisoned.
Natasha zaps a wand.
You resist with some effort.
MP[-2]
You lost 2 mp, and now have 4/8 mp.
Casting: Poisonous Vapours (safe; 8% risk of failure)
Confirm with . or Enter, or press ? or * to list all spells.
Aiming: Poisonous Vapours (safe; 8% risk of failure)
Press: ? - help, Dir - move target, f/p - Natasha
Aim: Natasha, carrying a wand of polymorph (7) (poisoned) Poisonous vapours surround Natasha!
Natasha looks even sicker.
Natasha zaps a wand.
You turn into a filthy swine.
Your +1 vampiric dagger {short} melds into your body.
Your +4 ring of evasion melds into your body.
You feel the dreadful sensation subside.
MP[-2]
You lost 2 mp, and now have 2/8 mp.
Unknown command.
HP[+1]
You can't wield anything in your present form.
Natasha stares at you and mumbles some strange words.
The magic dart hits you!
* * * LOW HITPOINT WARNING * * *
HP[-9]
You take 9 damage, and now have 10/31 hp.
MASSIVE DAMAGE!! (PAUSE)
You hit Natasha but do no damage. Natasha closely misses you.
MP[+1]
You hit Natasha but do no damage. Natasha closely misses you.
You closely miss Natasha.
Natasha drinks a potion.
Natasha is healed!
You barely miss Natasha.
Natasha howls an incantation.
You feel disoriented. Natasha closely misses you.
HP[+1] Natasha looks more healthy.
Your transformation is almost over.
There is an open door here.
MP[+1]
You close the door.
HP[+1]
You start resting.
You feel less porcine.
Your +1 vampiric dagger {short} unmelds from your body.
Your +4 ring of evasion unmelds from your body.
You feel a sense of dread.
MP[+1]
You start resting.
Natasha is nearby!
Unknown command.
HP[+1]
You start resting.
Natasha is nearby!
Casting: Poisonous Vapours (safe; 8% risk of failure)
Confirm with . or Enter, or press ? or * to list all spells.
Aiming: Sting (safe; 4% risk of failure)
Press: ? - help, Shift-Dir - straight line, f/p - Natasha
Aim: Natasha, carrying a wand of polymorph (6) (lightly wounded, 67% to hit)
You miscast Sting.
You are very lightly contaminated with residual magic.
Nothing appears to happen.
Natasha claws you.
* * * LOW HITPOINT WARNING * * *
HP[-1]
You take 1 damage, and now have 12/31 hp.
Casting: Sting (safe; 4% risk of failure)
Confirm with . or Enter, or press ? or * to list all spells.
Aiming: Sting (safe; 4% risk of failure)
Press: ? - help, Shift-Dir - straight line, f/p - Natasha
Aim: Natasha, carrying a wand of polymorph (6) (lightly wounded, 67% to hit)
The sting hits Natasha.
Natasha is poisoned.
Natasha claws you!
* * * LOW HITPOINT WARNING * * *
HP[-9] MP[-1]
You take 9 damage, and now have 3/31 hp.
MASSIVE DAMAGE!! (PAUSE)
You lost 1 mp, and now have 4/8 mp.
Casting: Sting (safe; 4% risk of failure)
Confirm with . or Enter, or press ? or * to list all spells.
Aiming: Sting (safe; 4% risk of failure)
Press: ? - help, Shift-Dir - straight line, f/p - Natasha
Aim: Natasha, carrying a wand of polymorph (6) (moderately wounded, poisoned, 67% to hit)
The sting misses Natasha.
Natasha claws you.
You die...

Skill      XL: |  1  2  3  4 |
---------------+-------------+-----
Stealth        | 3 4 5 |  5.0
Poison Magic   | 4 5 |  5.6
Dodging        | |  2.0
Spellcasting   | |  2.0
Transmutations | |  1.0

Action                   |  1- 3 |  4- 6 || total
-------------------------+-------+-------++-------
Melee: Unarmed           |    10 |     4 ||    14
       Tentacles         |    23 |     2 ||    25
       Constrict         |    23 |     3 ||    26
       Dagger            |    80 |    13 ||    93
       Punch             |     2 |       ||     2
 Cast: Sting             |     9 |     6 ||    15
       Poisonous Vapours |       |     5 ||     5
  Use: Scroll            |       |     3 ||     3
 Stab: Sleeping          |     9 |     1 ||    10
       Distracted        |       |     1 ||     1
Armor: Skin              |     5 |     1 ||     6
Dodge: Dodged            |    58 |    11 ||    69

Levels and vault maps discovered:
D:1:      lightli_arrival_quake, layout_basic,
          shapermc_ecumenical_altar_mp_urbaneastern,
          chequers_serial_rivers_marsh, minmay_misc_feat_doors,
          minmay_liquid_box, minmay_indecisive_spiral
D:2:      layout_basic, minmay_misc_feat_rugged, uniq_natasha

Notes
Turn   | Place    | Note
-------+----------+-------------------------------------------
     0 | D:1      | zeratav the Octopode Venom Mage began the quest for the
                  | Orb.
     0 | D:1      | Reached XP level 1. HP: 11/11 MP: 3/3
     0 | D:1      | magus.rc [v1.9.6]
    39 | D:1      | Reached skill level 3 in Stealth
   477 | D:1      | Reached skill level 4 in Poison Magic
   477 | D:1      | Reached XP level 2. HP: 15/17 MP: 0/5
   694 | D:1      | Reached XP level 3. HP: 14/21 MP: 6/6
   821 | D:1      | Found a faded altar of an unknown god.
   840 | D:1      | Reached skill level 4 in Stealth
  2032 | D:2      | Reached XP level 4. HP: 14/27 MP: 5/7
  2345 | D:2      | You add the spells Gell's Gravitas, Teleport Other and
                  | Dispersal to your library.
  2500 | D:2      | You pick up a book of Dangerous Friends and begin
                  | reading...
  2500 | D:2      | You add the spells Summon Guardian Golem, Orb of
                  | Destruction and Spellforged Servitor to your library.
  2505 | D:2      | Noticed Natasha
  2538 | D:2      | Learned a level 2 spell: Poisonous Vapours
  2551 | D:2      | Killed Natasha
  2552 | D:2      | Reached skill level 5 in Stealth
  2552 | D:2      | Reached skill level 5 in Poison Magic
  2703 | D:2      | Noticed Natasha
  2709 | D:2      | Killed Natasha
  2710 | D:2      | Reached XP level 5. HP: 16/31 MP: 3/8
  2733 | D:2      | Noticed Natasha
  2780 | D:2      | HP: 3/31 [Natasha (9)]
  2781 | D:2      | Slain by Natasha

Vanquished Creatures
  Natasha (twice) (D:2)
  An adder (D:2)
  3 dart slugs
  6 ball pythons
  3 bats
  7 endoplasms
  3 giant cockroaches
  5 goblins (D:1)
  6 hobgoblins (D:1)
  A quokka (D:2)
  5 kobolds
  4 rats
46 creatures vanquished.

Vanquished Creatures (others)
  A fungus (D:1)
  2 plants (D:1)
3 creatures vanquished.

Grand Total: 49 creatures vanquished

Table legend:
 A = Non-vault XP
 B = Vault XP
 C = Vault XP percentage of total XP
 D = Non-vault monster count
 E = Vault monster count
 F = Vault count percentage of total count
                 A         B        C        D         E       F
            +---------+---------+-------+---------+---------+-------
      Total |     121 |      45 |  27.1 |      41 |       5 |  10.9
            +---------+---------+-------+---------+---------+-------
        D:1 |      51 |      10 |  16.4 |      28 |       4 |  12.5
        D:2 |      70 |      35 |  33.3 |      13 |       1 |   7.1
            +---------+---------+-------+---------+---------+-------

Illustrated notes

Table legend:
 A = Kills in this place as a percentage of kills in entire the game.
 B = Kills by you in this place as a percentage of kills by you in the entire game.
 C = Kills by friends in this place as a percentage of kills by friends in the entire game.
 D = Other kills in this place as a percentage of other kills in the entire game.
 E = Experience gained in this place as a percentage of experience gained in the entire game.
 F = Experience gained in this place divided by the number of levels of this place that you have seen.
                   A       B       C       D       E      F
               +-------+-------+-------+-------+-------+----------------------
         Total | 100.0 | 100.0 |   N/A |   N/A | 100.0 |  83.0
       Dungeon | 100.0 | 100.0 |   N/A |   N/A | 100.0 |  83.0
               +-------+-------+-------+-------+-------+----------------------

Table legend: (Time is in decaauts)
 A = Elapsed time spent in this place.
 B = Non-inter-level travel time spent in this place.
 C = Inter-level travel time spent in this place.
 D = Time resting spent in this place.
 E = Time spent auto-exploring this place.
 F = Levels seen in this place.
 G = Mean time per level.
                   A        B        C        D        E       F      G
               +--------+--------+--------+--------+--------+-----+--------+
         Total |   2770 |   2704 |     66 |    184 |   2172 |   2 | 1385.0 |
       Dungeon |   2770 |   2704 |     66 |    184 |   2172 |   2 | 1385.0 |
               +--------+--------+--------+--------+--------+-----+--------+

Top non-repeatable levels by time:
     D:1: 1871 daAuts
     D:2: 899 daAuts
